Map: Pillars of Gold LE

Players

iGMacSed (MacSed)

  • Race: Protoss Protoss
  • League: Master
  • Spawn Location: 1:00

JieShi - Winner!

  • Race: Protoss Protoss
  • Spawn Location: 7:00

Event: DreamHack SC2 Masters 2020 Fall

VOD

Have the link to the VOD?

Description

Time

  • Played on: Sept. 6, 2020, 8:56 a.m.
  • Length: 11:38

All games in this series

Show
View Real Time Build Order
Export as new Build Order

iGMacSed Protoss 

Build Orders: Phoenix Opening, Archon Immortal 

Get SALT Encoding   

  12  0:00  Probe  
  13  0:12  Probe  
  14  0:17  Pylon  
  14  0:24  Probe (Chrono Boost)  
  15  0:36  Probe (Chrono Boost)  
  15  0:39  Gateway  
  16  0:45  Probe (Chrono Boost)  
  16  0:47  Assimilator  
  17  0:51  Probe  
  18  0:57  Assimilator  
  18  1:03  Probe (Chrono Boost)  
  19  1:12  Gateway  
  19  1:14  Probe (Chrono Boost)  
  20  1:19  Probe (Chrono Boost)  
  21  1:27  Cybernetics Core  
  21  1:31  Probe  
  22  1:40  Pylon  
  22  1:43  Probe  
  23  1:58  Probe  
  24  2:03  Warp Gate  
  24  2:04  Sentry, Stalker  
  28  2:16  Pylon, Probe  
  29  2:33  Stalker  
  31  2:39  Stargate  
  31  2:50  Stalker  
  33  2:53  Shield Battery  
  33  3:14  Nexus  
  33  3:22  Shield Battery  
  33  3:25  Phoenix (Chrono Boost)  
  34  3:31  Probe  
  35  3:37  Pylon  
  34  3:43  Probe  
  34  3:48  Phoenix (Chrono Boost)  
  37  3:55  Probe  
  38  4:03  Robotics Facility  
  38  4:08  Probe  
  39  4:11  Phoenix  
  41  4:19  Adept  
  41  4:20  Probe  
  40  4:36  Phoenix (Chrono Boost)  
  40  4:37  Probe  
  40  4:42  Probe  
  41  4:50  Probe (Chrono Boost)  
  42  4:54  Probe (Chrono Boost)  
  42  4:58  Phoenix (Chrono Boost)  
  45  5:04  Observer  
  45  5:06  Probe (Chrono Boost)  
  48  5:07  Probe (Chrono Boost)  
  48  5:12  Adept x2  
  48  5:13  Probe x2 (Chrono Boost)  
  54  5:25  Probe  
  54  5:26  Probe  
  56  5:35  Adept x2  
  60  5:37  Probe  
  60  5:38  Probe  
  62  5:45  Pylon  
  62  5:50  Forge  
  62  5:58  Assimilator x2  
  62  5:59  Observer  
  62  6:03  Probe x2  
  64  6:06  Immortal (Chrono Boost)  
  68  6:15  Probe x2  
  70  6:19  Pylon  
  70  6:20  Pylon  
  70  6:24  Protoss Ground Weapons Level 1  
  70  6:36  Pylon  
  70  6:37  Probe x2, Sentry, Pylon  
  74  6:42  Immortal (Chrono Boost)  
  78  6:50  Probe  
  78  6:53  Probe  
  80  6:59  Observer  
  80  7:00  Twilight Council  
  80  7:02  Probe  
  80  7:05  Gateway  
  80  7:08  Gateway  
  81  7:18  Immortal (Chrono Boost)  
  85  7:23  Sentry x2  
  85  7:29  Gateway  
  89  7:34  Resonating Glaives (Chrono Boost)  
  89  7:35  Gateway  
  89  7:45  Gateway  
  89  7:48  Gateway  
  89  7:57  Warp Prism (Chrono Boost)  
  89  8:05  Sentry x2  
  95  8:08  Adept, Pylon  
  95  8:09  Adept  
  99  8:24  Nexus  
  99  8:33  Adept x2  
  103  8:39  Adept x2  
  107  8:46  Shield Battery  
  107  8:51  Templar Archives  
  107  8:58  Archon x2  
  107  9:03  Adept  
  109  9:13  Shield Battery  
  109  9:31  Pylon  
  109  9:33  Pylon  
  109  9:34  Immortal (Chrono Boost)  
  109  9:36  High Templar x4  
  121  9:41  Archon x2  
  121  9:44  Colossus (Chrono Boost)  
  121  9:46  Adept x2  
  125  10:02  Probe x3  
  125  10:05  High Templar x2  
  132  10:09  Adept x3  
  132  10:11  Archon  
  132  10:12  Adept  
  132  10:14  Probe x2  
  128  10:21  Archon  
  128  10:23  Adept x2  
  115  10:33  Adept x4  
  84  10:47  Adept  
  84  10:48  Adept  
  46  11:04  Adept x2  
Show
View Real Time Build Order
Export as new Build Order

JieShi Protoss - Winner!

Build Orders: Oracle Opening 

Get SALT Encoding   

  12  0:00  Probe  
  13  0:12  Probe  
  14  0:18  Pylon  
  14  0:24  Probe (Chrono Boost)  
  15  0:36  Probe (Chrono Boost)  
  15  0:39  Gateway  
  16  0:44  Probe (Chrono Boost)  
  16  0:48  Assimilator  
  17  0:51  Probe  
  17  0:57  Assimilator  
  18  1:03  Probe (Chrono Boost)  
  19  1:13  Gateway, Probe (Chrono Boost)  
  19  1:18  Probe (Chrono Boost)  
  21  1:27  Cybernetics Core  
  21  1:30  Probe  
  22  1:40  Pylon  
  22  1:43  Probe  
  23  1:58  Probe  
  24  2:03  Stargate  
  24  2:05  Adept  
  24  2:07  Warp Gate  
  26  2:14  Adept  
  28  2:21  Pylon  
  28  2:35  Adept  
  30  2:46  Oracle (Chrono Boost)  
  30  2:50  Adept  
  35  3:11  Nexus  
  35  3:14  Probe  
  36  3:26  Probe  
  37  3:36  Twilight Council  
  37  3:38  Probe  
  38  3:43  Pylon  
  38  3:47  Shield Battery  
  38  3:50  Probe  
  39  4:02  Probe  
  40  4:05  Stalker x2  
  40  4:09  Blink (Chrono Boost)  
  44  4:17  Probe  
  43  4:30  Probe (Chrono Boost)  
  37  4:40  Probe (Chrono Boost)  
  39  4:47  Probe (Chrono Boost)  
  39  4:49  Probe (Chrono Boost), Stalker x2  
  44  4:54  Probe x2 (Chrono Boost), Pylon  
  46  5:05  Probe  
  46  5:06  Probe  
  48  5:17  Stalker  
  48  5:18  Stalker, Probe x2  
  54  5:30  Probe x2  
  56  5:36  Forge  
  56  5:39  Gateway, Pylon  
  56  5:42  Assimilator, Sentry, Stalker  
  58  5:43  Probe  
  58  5:44  Probe  
  58  5:49  Charge (Chrono Boost)  
  60  5:56  Shield Battery  
  60  6:03  Probe  
  60  6:04  Probe  
  60  6:11  Protoss Ground Weapons Level 1 (Chrono Boost)  
  56  6:16  Probe x2  
  58  6:18  Nexus  
  58  6:22  Stalker  
  60  6:28  Probe x2 (Chrono Boost)  
  60  6:30  Stalker  
  66  6:40  Gateway, Probe x2 (Chrono Boost)  
  66  6:45  Photon Cannon  
  66  6:53  Stalker  
  69  6:55  Stalker  
  69  6:58  Pylon  
  70  7:04  Pylon  
  70  7:15  Gateway  
  70  7:16  Probe x2  
  70  7:19  Gateway  
  70  7:21  Stalker  
  74  7:24  Shield Battery  
  76  7:32  Probe x3 (Chrono Boost), Stalker  
  79  7:42  Probe (Chrono Boost)  
  79  7:44  Templar Archives, Probe x2 (Chrono Boost)  
  82  7:47  Probe (Chrono Boost)  
  83  7:51  Gateway  
  83  7:53  Gateway  
  83  8:00  Robotics Facility  
  83  8:01  Zealot x2  
  83  8:02  Probe  
  83  8:03  Probe  
  89  8:06  Probe  
  89  8:09  Photon Cannon  
  89  8:12  Protoss Ground Weapons Level 2 (Chrono Boost)  
  90  8:14  Photon Cannon  
  90  8:16  Pylon  
  90  8:21  Zealot, High Templar x2  
  90  8:25  Archon  
  96  8:27  Zealot x2  
  100  8:40  Gateway  
  98  8:42  High Templar x2  
  98  8:44  Pylon  
  102  8:51  Zealot, Archon  
  102  8:52  Zealot x2  
  102  8:55  Pylon  
  108  8:58  Probe  
  108  8:59  Probe  
  105  9:04  Pylon  
  105  9:06  Pylon  
  105  9:07  Zealot x3  
  111  9:11  Probe  
  110  9:19  Warp Prism (Chrono Boost), Zealot x2, High Templar x2  
  110  9:20  Zealot  
  110  9:21  Assimilator  
  122  9:25  Archon  
  122  9:33  Zealot  
  122  9:34  Zealot x2  
  122  9:36  Zealot  
  130  9:41  Pylon  
  130  9:44  High Templar x2  
  130  9:45  Zealot  
  136  9:48  Pylon  
  136  9:49  Archon, Pylon  
  136  9:54  Pylon x2  
  136  10:01  Zealot  
  136  10:02  Zealot x4  
  140  10:26  Zealot x3, High Templar x2  
  140  10:27  Zealot x4  
  142  10:32  Archon  
  112  10:43  Immortal  
  112  10:49  Zealot x2  
  120  10:50  Zealot x5  
  116  11:02  Zealot x2  

Tags
 
Add a new tag
Caveats
  • Supply blocks, unpowered buildings, or Contaminate may cause inaccurate times.
  • Supply counts are checked every 10 seconds.